AoeStats
← Mrbeastaoe2

Black Forest

508397686Analyzed
4v4 RM · 11d ago on Sep 22, 2026· 40m 53s· 8 players
Game mode
Random Map
Map size
Large (8 player)
Population
200
Speed
Normal
Resources
Standard
Victory
Conquest
Starting age
Dark Age
Ending age
Imperial Age
RankedLock teamsTeams togetherTeam positionsShared explorationLock speedFull tech treeHidden civsTurbo modeCheats
Victory
Defeat
🇨🇿 Lithuanians · Czechia
1853
+8
🇬🇧 Wei · United Kingdom
1836
+8
🇧🇬 Gurjaras · Bulgaria
1794
+10
🇦🇺 Bohemians · Australia
1558
+18
🇨🇳 Magyars · China
1706
-14
1677
-12
🇩🇪 Franks · Germany
1623
-10
🇹🇷 Huns · Türkiye
1562
-8
Poggle-der-Fisch
10:37 Feudal Age
14:12 Castle Age
13:17 Double-Bit Axe
15:14 Loom
15:44 Forging
31:00 Wheelbarrow
30:11 Town Watch
32:07 Bow Saw
33:54 Hand Cart
33:57 Gold Mining
35:27 Gold Shaft Mining
39:10 Imperial Age
37:50 Scale Barding Armor
38:48 Husbandry
39:13 Chain Barding Armor
39:15 Cavalier
40:33 Plate Barding Armor
40:23 Conscription
41:10 Iron Casting
40:25 Paladin
USTA
0:26 Loom
16:11 Feudal Age
25:05 Castle Age
23:41 Double-Bit Axe
24:21 Stone Mining
24:31 Gold Mining
30:34 Bow Saw
30:05 Horse Collar
32:38 Wheelbarrow
34:14 Hand Cart
38:02 Imperial Age
35:53 Scale Mail Armor
36:26 Forging
35:40 Pikeman
36:20 Squires
37:04 Chain Mail Armor
37:03 Arson
38:04 Iron Casting
38:51 Gold Shaft Mining
38:19 Caravan
38:02 Man-at-Arms
38:04 Halberdier
38:33 Arson
39:03 Long Swordsman
41:00 Blast Furnace
39:56 Two-Handed Swordsman
脏丶辫
0:46 Loom
9:29 Feudal Age
23:22 Double-Bit Axe
26:20 Wheelbarrow
31:21 Castle Age
31:01 Stone Mining
31:03 Gold Mining
33:45 Hand Cart
36:22 Imperial Age
34:46 Bow Saw
36:51 Fletching
trói em vào cột điện
9:06 Feudal Age
9:40 Double-Bit Axe
18:43 Castle Age
16:26 Horse Collar
17:23 Bloodlines
18:14 Forging
18:47 Light Cavalry
20:38 Husbandry
24:44 Wheelbarrow
33:06 Imperial Age
30:30 Loom
32:21 Hand Cart
32:17 Padded Archer Armor
33:02 Gold Mining
33:02 Stone Mining
33:24 Bow Saw
33:31 Leather Archer Armor
33:18 Heavy Plow
33:28 Town Watch
34:54 Chemistry
34:32 Conscription
35:18 Ring Archer Armor
35:04 Shatagni
38:14 Fletching
38:32 Caravan
39:36 Bodkin Arrow
40:45 Siege Engineers
40:51 Masonry
Velky kanec
1:17 Loom
12:40 Feudal Age
14:15 Town Watch
20:42 Castle Age
18:51 Double-Bit Axe
19:18 Stone Mining
19:59 Horse Collar
24:04 Wheelbarrow
32:14 Bow Saw
35:11 Imperial Age
33:50 Hand Cart
34:05 Scale Barding Armor
34:09 Gold Mining
34:59 Stone Shaft Mining
35:27 Chain Barding Armor
35:42 Forging
37:06 Plate Barding Armor
36:47 Bloodlines
36:37 Elite Leitis
37:50 Conscription
38:33 Iron Casting
38:04 Heavy Plow
39:25 Chemistry
39:00 Husbandry
39:16 Caravan
Zni.Locuss
6:27 Loom
9:59 Feudal Age
14:50 Castle Age
13:07 Double-Bit Axe
13:38 Horse Collar
14:51 Bloodlines
24:00 Heavy Plow
27:44 Wheelbarrow
33:15 Imperial Age
31:11 Gold Mining
31:38 Padded Archer Armor
31:28 Fletching
32:09 Hand Cart
32:21 Bow Saw
33:10 Bodkin Arrow
33:37 Ballistics
35:04 Chemistry
34:06 Bracer
34:34 Husbandry
35:04 Leather Archer Armor
35:00 Elite Elephant Archer
37:36 Thumb Ring
39:13 Crop Rotation
39:39 Masonry
Mrbeastaoe2
5:01 Loom
10:56 Feudal Age
15:26 Castle Age
13:42 Double-Bit Axe
16:29 Bow Saw
22:17 Scale Mail Armor
22:28 Forging
25:10 Wheelbarrow
24:12 Pikeman
25:02 Horse Collar
27:18 Hand Cart
32:07 Imperial Age
31:06 Heavy Plow
32:31 Chemistry
32:31 Chain Mail Armor
32:51 Iron Casting
32:18 Squires
32:23 Halberdier
33:44 Conscription
33:31 Wagenburg Tactics
33:58 Plate Mail Armor
34:52 Two-Man Saw
35:33 Blast Furnace
35:28 Houfnice
36:07 Fletching
39:10 Siege Engineers
39:27 Ballistics
39:03 Bodkin Arrow
40:00 Bracer
Torpedo
2:00 Loom
10:05 Feudal Age
10:10 Man-at-Arms
10:36 Double-Bit Axe
15:48 Horse Collar
16:59 Fletching
18:03 Gold Mining
19:17 Scale Mail Armor
19:42 Stone Mining
22:27 Wheelbarrow
25:37 Castle Age
26:45 Bow Saw
26:35 Heavy Plow
27:11 Gold Shaft Mining
27:11 Stone Shaft Mining
30:24 Bodkin Arrow
34:17 Imperial Age
31:46 Town Watch
33:29 Hand Cart
35:28 Conscription
37:00 Tuntian
39:51 Ballistics
39:43 Masonry
39:14 Treadmill Crane
Connection lost

Rejoining the realm…

Still unreachable

The connection could not be restored.

Session expired

The server has moved on; the page needs a fresh start.